 Dungeon Crawl Stone Soup version 0.20-a0-809-gaf7f668 (webtiles) character file.

76 Gorglomux the Insei (level 4, 0/28 HPs)
             Began as an Octopode Transmuter on Mar 4, 2017.
             Slain by a gnoll
             ... wielding a +0 spear
              (6 damage)
             ... on level 2 of the Dungeon.
             The game lasted 00:03:58 (1703 turns).

Gorglomux the Insei (Octopode Transmuter)           Turns: 1703, Time: 00:03:59

Health: 0/28       AC:  1    Str:  9    XL:     4   Next: 32%
Magic:  3/7        EV: 13    Int: 16    God:
Gold:   57         SH:  0    Dex: 12    Spells: 1/7 levels left

rFire    . . .     SeeInvis .     - Unarmed
rCold    . . .     Gourm    .   (no shield)
rNeg     . . .     Faith    .   (helmet restricted)
rPois    .         Spirit   .   (no amulet)
rElec    .         Reflect  .   (no ring)
rCorr    .         Harm     .   (no ring)
MR       .....                  (no ring)
Stlth    +++.......             (no ring)
Regen    0.1/turn               (no ring)
MPRegen  0.1/turn               (no ring)
                                (no ring)
                                (no ring)

@: very slightly contaminated
A: almost no armour, stealthy swim, amphibious, 8 rings, constrict 8, camouflage
1, gelatinous body 1
a: no special abilities


You were on level 2 of the Dungeon.
You were not hungry.

You visited 1 branch of the dungeon, and saw 2 of its levels.

You collected 57 gold pieces.

Inventory:

Missiles
 a - 21 arrows
Jewellery
 h - a +1 ring of protection {unknown}
 i - an uncursed amulet of rage {unknown}
Scrolls
 e - 4 scrolls of enchant weapon {unknown}
 f - 2 scrolls of amnesia {unknown}
 j - 2 scrolls of identify {unknown}
 l - a scroll of remove curse {unknown}
 o - a scroll of recharging {unknown}
 q - a scroll of teleportation {unknown}
Potions
 d - a potion of flight {unknown}
 k - a potion of mutation {unknown}
 m - a potion of lignification {unknown}
 n - a potion of might {unknown}
Books
 b - a book of Changes

   Spells                             Type                      Level
   a - Beastly Appendage              Transmutation                1
   b - Sticks to Snakes               Transmutation                2
   c - Spider Form                    Transmutation/Poison         3
   d - Ice Form                       Ice/Transmutation            4
   e - Blade Hands                    Transmutation                5
Comestibles
 c - a bread ration
 p - a chunk of flesh


   Skills:
 - Level 1.0 Fighting
 - Level 2.0 Dodging
 - Level 1.1 Stealth
 + Level 3.8 Unarmed Combat
 - Level 2.0 Spellcasting
 + Level 3.3 Transmutations
 + Level 1.2 Poison Magic


You had one spell level left.
You knew the following spells:

 Your Spells              Type           Power        Failure   Level  Hunger
a - Beastly Appendage     Tmut           ##....       8%          1    #......
b - Sticks to Snakes      Tmut           ##......     10%         2    ###....
c - Spider Form           Tmut/Pois      #.........   28%         3    ###....


Dungeon Overview and Level Annotations

Branches:
Dungeon (2/15)

Altars:


Innate Abilities, Weirdness & Mutations

You cannot wear most types of armour.
You are very stealthy in the water. (Stealth+)
You are amphibious.
You can wear up to eight rings at the same time.
You can use your tentacles to constrict eight enemies at once.
Your skin changes colour to match your surroundings (Stealth+).
Your rubbery body absorbs attacks. (AC +1, EV +1)


Message History

The gnoll hits you with a spear!
* * * LOW HITPOINT WARNING * * *
You release your grip on the gnoll.
The gnoll hits you from afar with a spear.
* * * LOW HITPOINT WARNING * * *
A bat comes into view.
The gnoll shouts!
You tentacle-slap the gnoll. You grab the gnoll.
The gnoll is moderately wounded.
You constrict the gnoll, but do no damage.
The gnoll completely misses you.
You tentacle-slap the gnoll.
The gnoll is severely wounded.
You constrict the gnoll. The bat barely misses you.
The gnoll closely misses you. x2
You tentacle-slap the gnoll.
You kill the gnoll!
The bat closely misses you.
The gnoll hits you from afar with a spear.
You die...

#.# #.# #.#
#.####.# #......#
######.# #.# #.# ##
#.#######.# #..
........#)# ..#
#.......b@# ####.#
#######.#.##
...#.######.....g.#
#....##.##.#####.#
#......#...# #.#
#...g.###..# #.#
#.#.#..#.#.# #.#
#.#.....##.#####.#
#g###.#.##.......#


You could see a gnoll and a bat.

Vanquished Creatures
  An adder (D:2)
  2 gnolls (D:2)
  2 oozes
  2 dart slugs (D:1)
  A leopard gecko (D:1)
  A giant cockroach (D:1)
  6 goblins
  2 hobgoblins
  2 jackals (D:2)
  6 bats
  5 frilled lizards (D:2)
  3 kobolds
  5 rats
38 creatures vanquished.

Notes
Turn   | Place    | Note
-------+----------+-------------------------------------------
     0 | D:1      | Gorglomux the Octopode Transmuter began the quest for the Orb.
     0 | D:1      | Reached XP level 1. HP: 13/13 MP: 3/3
   361 | D:1      | Reached XP level 2. HP: 13/18 MP: 3/5
   410 | D:1      | Learned a level 2 spell: Sticks to Snakes
   999 | D:1      | Reached XP level 3. HP: 20/23 MP: 4/6
  1028 | D:1      | Reached skill level 3 in Transmutations
  1252 | D:2      | Learned a level 3 spell: Spider Form
  1648 | D:2      | Reached skill level 1 in Stealth
  1686 | D:2      | Reached skill level 1 in Poison Magic
  1686 | D:2      | Reached XP level 4. HP: 15/28 MP: 1/7
  1703 | D:2      | Slain by a gnoll

Vault maps used:
D:1:      lightli_arrival_isolated_outpost, minmay_heptomino_l4
D:2:      uniq_crazy_yiuf_cottage, uniq_terence

Skill      XL: |  1  2  3 |
---------------+----------+-----
Transmutations | 3 |  3.3
Stealth        | 1 |  1.1
Poison Magic   | 1 |  1.2
Fighting       | |  1.0
Dodging        | |  2.0
Unarmed Combat | |  3.8
Spellcasting   | |  2.0

Action                   |  1- 3 |  4- 6 || total
-------------------------+-------+-------++-------
Melee: Unarmed           |    87 |     4 ||    91
       Constrict         |    22 |     2 ||    24
       Tentacles         |    13 |       ||    13
       Kick              |    11 |       ||    11
 Cast: Beastly Appendage |    29 |       ||    29
       Spider Form       |     1 |       ||     1
 Stab: Sleeping          |     8 |       ||     8
  Eat: Chunk             |     3 |       ||     3
Armor: Skin              |     5 |       ||     5
Dodge: Dodged            |    47 |     5 ||    52
